General information
- name: BNet
- type: Ladder team game (AT/RT)
- host: Battle.net
- saver: Often-a-bird
map: Deadlock
- players: 8
- length: 31:45
- speed: Fast
- version: 1.24 W3XP
- replay type: Public
» download(311 KB)
Players
team 1 (loser)
Jun-kit (
orange | 56 APM | 1769 actions | 31:42)
3 Demon Hunter
2 Mana Burn
1 Evasion
1 Priestess of the Moon
1 Scout
» actions
| Assign group hotkey | 21 | |
| Build / train | 76 | |
| Enter build submenu | 14 | |
| Enter hero's abilities submenu | 4 | |
| Give item / drop item | 1 | |
| Right click | 990 | |
| Select / deselect | 253 | |
| Select group hotkey | 363 | |
| Use ability | 47 | |
1769 total
» units
| Wisp | 21 | |
| Huntress | 4 | |
| Glaive Thrower | 1 | |
| Druid of the Talon | 1 | |
| Hippogryph | 17 | |
| Archer | 3 | |
| Chimaera | 1 | |
48 total
» upgrades
| Strength of the Moon | 3 | |
| Moon Armor | 2 | |
| Druid of the Talon Training | 1 | |
| Hippogryph Taming | 1 | |
| Improved Bows | 1 | |
| Marksmanship | 1 | |
| Corrosive Breath | 1 | |
| Strength of the Wild | 1 | |
| Reinforced Hides | 1 | |
12 total
» buildings
| Altar of Elders | 1 | |
| Moon Well | 5 | |
| Hunter's Hall | 1 | |
| Ancient of War | 2 | |
| Tree of Ages | 1 | |
| Ancient of Wind | 1 | |
| Tree of Eternity | 1 | |
| Chimaera Roost | 1 | |
13 total
» build order
00:15 Altar of Elders
00:22 Moon Well
01:14 Hunter's Hall
01:46 Ancient of War
02:06 Ancient of War
02:26 Moon Well
02:48 Moon Well
06:19 Tree of Ages
10:29 Moon Well
10:34 Ancient of Wind
13:22 Tree of Eternity
19:57 Chimaera Roost
28:21 Moon Well
» items
| Orb of Corruption | 1 | |
| Potion of Healing | 1 | |
| Scroll of Healing | 1 | |
| Circlet of Nobility | 1 | |
| Scroll of Protection | 1 | |
| Scroll of Town Portal | 2 | |
| Potion of Lesser Invulnerability | 1 | |
8 total
Quintem (
yellow | 74 APM | 2275 actions | 30:38)
5 Mountain King
3 Storm Bolt
2 Bash
2 Paladin
1 Holy Light
1 Devotion Aura
1 Archmage
1 Brilliance Aura
» actions
| Assign group hotkey | 29 | |
| Basic commands | 16 | |
| Build / train | 107 | |
| Enter build submenu | 36 | |
| Enter hero's abilities submenu | 8 | |
| Give item / drop item | 1 | |
| Right click | 1371 | |
| Select / deselect | 478 | |
| Select group hotkey | 67 | |
| Use ability | 162 | |
2275 total
» units
| Peasant | 23 | |
| Rifleman | 9 | |
| Mortar Team | 6 | |
| Priest | 3 | |
| Siege Engine | 1 | |
42 total
» upgrades
| Gunpowder | 3 | |
| Masonry | 3 | |
| Armor | 3 | |
| Lumber Harvesting | 1 | |
| Long Rifles | 1 | |
| Flare | 1 | |
| Magic Sentry | 1 | |
| Fragmentation Shards | 1 | |
| Priest Training | 2 | |
| Barrage | 1 | |
| Plating | 1 | |
18 total
» buildings
| Blacksmith | 1 | |
| Farm | 10 | |
| Altar of Kings | 1 | |
| Arcane Vault | 2 | |
| Barracks | 1 | |
| Scout Tower | 12 | |
| Lumber Mill | 1 | |
| Arcane Tower | 7 | |
| Guard Tower | 4 | |
| Keep | 2 | |
| Workshop | 2 | |
| Town Hall | 2 | |
| Castle | 2 | |
| Arcane Sanctum | 1 | |
48 total
» build order
00:47 Blacksmith
00:57 Farm
01:17 Altar of Kings
01:23 Arcane Vault
01:30 Farm
01:53 Barracks
02:18 Scout Tower
02:22 Arcane Vault
02:27 Farm
02:34 Lumber Mill
03:05 Arcane Tower
03:06 Arcane Tower
05:36 Farm
05:46 Scout Tower
06:42 Guard Tower
06:49 Farm
07:24 Keep
07:24 Keep
08:02 Farm
09:59 Workshop
10:04 Workshop
11:24 Scout Tower
11:26 Scout Tower
11:28 Scout Tower
11:44 Farm
11:46 Farm
11:57 Scout Tower
11:59 Guard Tower
12:02 Scout Tower
12:07 Scout Tower
12:39 Arcane Tower
12:56 Town Hall
12:58 Guard Tower
13:33 Scout Tower
13:35 Scout Tower
15:35 Castle
15:39 Arcane Tower
15:39 Arcane Tower
16:27 Scout Tower
16:33 Arcane Sanctum
21:29 Farm
21:32 Arcane Tower
21:37 Scout Tower
22:52 Farm
23:55 Guard Tower
26:06 Town Hall
» items
| Scroll of Regeneration | 8 | |
| Lesser Clarity Potion | 6 | |
14 total
TiD.Cronicle (
teal | 89 APM | 2795 actions | 31:18)
5 Priestess of the Moon
3 Trueshot Aura
2 Searing Arrows
» actions
| Assign group hotkey | 37 | |
| Basic commands | 4 | |
| Build / train | 91 | |
| Enter build submenu | 22 | |
| Enter hero's abilities submenu | 5 | |
| Right click | 1717 | |
| Select / deselect | 414 | |
| Select group hotkey | 473 | |
| Use ability | 32 | |
2795 total
» units
| Wisp | 26 | |
| Huntress | 8 | |
| Glaive Thrower | 7 | |
| Chimaera | 15 | |
| Hippogryph | 15 | |
71 total
» upgrades
| Strength of the Moon | 1 | |
| Vorpal Blades | 1 | |
| Corrosive Breath | 1 | |
| Strength of the Wild | 3 | |
| Reinforced Hides | 2 | |
8 total
» buildings
| Altar of Elders | 1 | |
| Moon Well | 7 | |
| Ancient of War | 2 | |
| Hunter's Hall | 1 | |
| Tree of Life | 4 | |
| Tree of Ages | 1 | |
| Tree of Eternity | 1 | |
| Ancient of Wind | 2 | |
| Chimaera Roost | 3 | |
| Ancient of Wonders | 1 | |
23 total
» build order
00:06 Altar of Elders
00:22 Moon Well
01:49 Ancient of War
01:54 Hunter's Hall
02:21 Ancient of War
02:27 Moon Well
03:29 Moon Well
04:29 Moon Well
06:26 Tree of Life
06:47 Moon Well
06:47 Moon Well
10:37 Tree of Ages
11:59 Tree of Life
13:56 Tree of Eternity
14:02 Tree of Life
14:51 Ancient of Wind
16:46 Chimaera Roost
17:04 Chimaera Roost
17:07 Chimaera Roost
18:24 Moon Well
21:01 Tree of Life
27:31 Ancient of Wind
28:40 Ancient of Wonders
Zenako (
purple | 90 APM | 2747 actions | 30:29)
6 Death Knight
3 Death Coil
2 Unholy Aura
1 Animate Dead
3 Lich
2 Frost Nova
1 Frost Armor
» actions
| Assign group hotkey | 38 | |
| Basic commands | 277 | |
| Build / train | 84 | |
| Enter build submenu | 23 | |
| Enter hero's abilities submenu | 9 | |
| Give item / drop item | 3 | |
| Right click | 1305 | |
| Select / deselect | 372 | |
| Select group hotkey | 547 | |
| Use ability | 89 | |
2747 total
» units
| Acolyte | 10 | |
| Ghoul | 4 | |
| Crypt Fiend | 10 | |
| Frost Wyrm | 12 | |
36 total
» upgrades
| Creature Attack | 3 | |
| Freezing Breath | 1 | |
| Creature Carapace | 3 | |
| Web | 1 | |
8 total
» buildings
| Graveyard | 1 | |
| Crypt | 1 | |
| Ziggurat | 8 | |
| Altar of Darkness | 1 | |
| Tomb of Relics | 1 | |
| Nerubian Tower | 2 | |
| Halls of the Dead | 2 | |
| Spirit Tower | 2 | |
| Black Citadel | 2 | |
| Sacrificial Pit | 1 | |
| Necropolis | 1 | |
| Boneyard | 2 | |
24 total
» build order
00:09 Graveyard
00:11 Crypt
00:27 Ziggurat
00:49 Altar of Darkness
01:22 Tomb of Relics
01:53 Ziggurat
02:20 Nerubian Tower
04:14 Halls of the Dead
04:14 Halls of the Dead
04:50 Ziggurat
06:27 Spirit Tower
06:52 Black Citadel
06:53 Black Citadel
07:22 Sacrificial Pit
09:13 Ziggurat
09:26 Necropolis
10:05 Boneyard
10:17 Boneyard
11:12 Ziggurat
11:14 Ziggurat
11:15 Ziggurat
11:17 Ziggurat
12:22 Nerubian Tower
12:23 Spirit Tower
» items
| Rod of Necromancy | 1 | |
| Dust of Appearance | 2 | |
| Scroll of Town Portal | 2 | |
| Potion of Healing | 5 | |
| Scroll of Healing | 1 | |
| Orb of Corruption | 1 | |
12 total
team 2 (winner)
BATS- (
pink | 59 APM | 1856 actions | 31:43)
6 Blademaster
3 Wind Walk
3 Critical Strike
» actions
| Assign group hotkey | 70 | |
| Basic commands | 6 | |
| Build / train | 65 | |
| Enter build submenu | 34 | |
| Enter hero's abilities submenu | 6 | |
| Give item / drop item | 15 | |
| Remove unit from queue | 1 | |
| Right click | 836 | |
| Select / deselect | 264 | |
| Select group hotkey | 425 | |
| Use ability | 134 | |
1856 total
» units
» upgrades
| Pillage | 1 | |
| Reinforced Defenses | 2 | |
| Liquid Fire | 1 | |
| Ranged Weapons | 1 | |
5 total
» buildings
| Altar of Storms | 2 | |
| Orc Burrow | 9 | |
| War Mill | 2 | |
| Voodoo Lounge | 2 | |
| Watch Tower | 10 | |
| Stronghold | 2 | |
| Fortress | 2 | |
| Great Hall | 1 | |
| Beastiary | 2 | |
32 total
» build order
00:14 Altar of Storms
00:26 Orc Burrow
00:55 War Mill
01:24 Voodoo Lounge
02:09 Watch Tower
02:19 Watch Tower
02:42 Watch Tower
03:22 Stronghold
03:39 Watch Tower
04:49 Watch Tower
05:08 Watch Tower
05:45 Fortress
05:52 Watch Tower
07:08 Watch Tower
07:10 Watch Tower
07:50 Orc Burrow
09:13 Orc Burrow
09:16 Orc Burrow
11:39 Great Hall
17:29 War Mill
19:32 Stronghold
19:33 Watch Tower
19:34 Orc Burrow
19:37 Orc Burrow
19:39 Orc Burrow
19:42 Orc Burrow
19:46 Orc Burrow
22:04 Altar of Storms
22:07 Beastiary
22:10 Beastiary
23:19 Fortress
23:23 Voodoo Lounge
» items
| Lesser Clarity Potion | 5 | |
| Healing Salve | 4 | |
| Scroll of Speed | 1 | |
| Circlet of Nobility | 1 | |
| Boots of Speed | 1 | |
| Orb of Lightning | 1 | |
13 total
Often-a-bird (
blue | 130 APM | 4131 actions | 31:45)
4 Archmage
2 Blizzard
2 Brilliance Aura
» actions
| Assign group hotkey | 697 | |
| Basic commands | 4 | |
| Build / train | 305 | |
| Enter build submenu | 140 | |
| Enter hero's abilities submenu | 4 | |
| Give item / drop item | 1 | |
| Remove unit from queue | 2 | |
| Right click | 1560 | |
| Select / deselect | 912 | |
| Select group hotkey | 21 | |
| Use ability | 484 | |
4131 total
» units
» upgrades
| Masonry | 3 | |
| Lumber Harvesting | 2 | |
5 total
» buildings
| Altar of Kings | 1 | |
| Farm | 3 | |
| Lumber Mill | 1 | |
| Scout Tower | 227 | |
| Guard Tower | 221 | |
| Arcane Tower | 7 | |
| Town Hall | 4 | |
| Keep | 3 | |
| Arcane Vault | 3 | |
| Castle | 1 | |
471 total
» build order
00:06 Altar of Kings
00:19 Farm
00:33 Lumber Mill
01:07 Scout Tower
01:30 Scout Tower
01:35 Guard Tower
01:53 Farm
02:04 Scout Tower
02:15 Scout Tower
02:21 Guard Tower
02:39 Arcane Tower
02:39 Arcane Tower
02:44 Scout Tower
02:52 Scout Tower
03:07 Guard Tower
03:07 Arcane Tower
03:09 Scout Tower
03:10 Scout Tower
03:14 Scout Tower
03:17 Arcane Tower
03:17 Arcane Tower
03:19 Scout Tower
03:22 Farm
03:36 Guard Tower
03:36 Guard Tower
03:38 Scout Tower
03:38 Scout Tower
03:56 Guard Tower
03:57 Guard Tower
03:57 Scout Tower
03:59 Guard Tower
03:59 Guard Tower
04:17 Guard Tower
04:17 Guard Tower
04:33 Guard Tower
04:34 Guard Tower
04:35 Scout Tower
04:42 Guard Tower
04:42 Guard Tower
04:43 Scout Tower
05:14 Scout Tower
05:18 Scout Tower
05:18 Scout Tower
05:19 Scout Tower
05:23 Scout Tower
05:24 Scout Tower
05:25 Scout Tower
05:25 Scout Tower
05:26 Scout Tower
05:26 Scout Tower
05:46 Guard Tower
05:46 Guard Tower
05:52 Scout Tower
05:54 Scout Tower
05:55 Guard Tower
05:56 Scout Tower
05:57 Scout Tower
06:00 Guard Tower
06:00 Guard Tower
06:04 Scout Tower
06:11 Scout Tower
06:26 Guard Tower
06:26 Guard Tower
06:29 Town Hall
06:34 Guard Tower
06:35 Guard Tower
06:47 Guard Tower
06:47 Guard Tower
06:53 Guard Tower
06:54 Guard Tower
06:54 Guard Tower
06:55 Guard Tower
07:13 Guard Tower
07:14 Guard Tower
07:56 Scout Tower
07:56 Scout Tower
07:58 Scout Tower
07:58 Scout Tower
08:37 Guard Tower
08:38 Guard Tower
08:45 Town Hall
08:46 Scout Tower
08:48 Scout Tower
08:48 Scout Tower
08:49 Scout Tower
08:50 Scout Tower
08:51 Scout Tower
09:01 Guard Tower
09:01 Guard Tower
09:03 Guard Tower
09:03 Guard Tower
09:05 Scout Tower
09:06 Scout Tower
09:07 Scout Tower
09:07 Scout Tower
09:24 Guard Tower
09:25 Guard Tower
09:25 Guard Tower
09:26 Scout Tower
09:27 Scout Tower
09:27 Scout Tower
09:28 Scout Tower
09:29 Scout Tower
09:30 Guard Tower
09:30 Guard Tower
09:49 Guard Tower
09:49 Guard Tower
09:52 Guard Tower
09:52 Guard Tower
09:53 Guard Tower
09:53 Guard Tower
09:54 Guard Tower
09:54 Guard Tower
09:54 Guard Tower
09:55 Guard Tower
09:55 Guard Tower
09:56 Scout Tower
09:57 Scout Tower
09:58 Scout Tower
09:59 Scout Tower
10:00 Scout Tower
10:00 Scout Tower
10:01 Scout Tower
10:09 Scout Tower
10:10 Scout Tower
10:10 Scout Tower
10:11 Scout Tower
10:18 Guard Tower
10:19 Guard Tower
10:29 Scout Tower
10:30 Scout Tower
10:32 Guard Tower
10:33 Guard Tower
10:42 Guard Tower
10:43 Guard Tower
10:49 Guard Tower
10:49 Guard Tower
10:58 Guard Tower
10:58 Guard Tower
11:35 Guard Tower
11:35 Guard Tower
11:42 Guard Tower
11:42 Guard Tower
11:46 Guard Tower
12:20 Keep
12:20 Keep
12:55 Scout Tower
12:56 Scout Tower
12:57 Scout Tower
12:58 Scout Tower
12:59 Scout Tower
13:00 Scout Tower
13:12 Scout Tower
13:13 Scout Tower
13:13 Scout Tower
13:14 Scout Tower
13:21 Scout Tower
13:22 Scout Tower
13:22 Scout Tower
13:23 Scout Tower
13:24 Scout Tower
13:25 Scout Tower
13:25 Scout Tower
13:26 Scout Tower
13:38 Guard Tower
14:01 Guard Tower
14:01 Guard Tower
14:04 Scout Tower
14:05 Scout Tower
14:06 Scout Tower
14:07 Scout Tower
14:08 Scout Tower
14:09 Scout Tower
14:11 Guard Tower
14:11 Guard Tower
14:11 Guard Tower
14:14 Guard Tower
14:26 Arcane Vault
14:45 Guard Tower
14:45 Guard Tower
14:50 Castle
15:02 Arcane Vault
15:13 Guard Tower
15:16 Guard Tower
15:44 Scout Tower
15:45 Scout Tower
15:52 Town Hall
16:03 Scout Tower
16:03 Scout Tower
16:04 Scout Tower
16:05 Scout Tower
16:11 Scout Tower
16:13 Guard Tower
16:14 Guard Tower
16:15 Scout Tower
16:16 Scout Tower
16:30 Scout Tower
16:35 Scout Tower
16:35 Scout Tower
16:36 Scout Tower
16:37 Scout Tower
16:37 Scout Tower
16:37 Scout Tower
16:38 Scout Tower
16:43 Scout Tower
16:43 Scout Tower
16:43 Scout Tower
17:26 Scout Tower
17:27 Scout Tower
17:30 Scout Tower
17:36 Scout Tower
17:36 Scout Tower
17:37 Scout Tower
17:57 Guard Tower
17:57 Guard Tower
18:02 Scout Tower
18:03 Scout Tower
18:05 Scout Tower
18:18 Guard Tower
18:26 Guard Tower
18:28 Scout Tower
18:29 Scout Tower
18:30 Scout Tower
18:30 Scout Tower
18:31 Scout Tower
18:31 Scout Tower
18:32 Scout Tower
18:33 Guard Tower
18:33 Guard Tower
18:33 Guard Tower
18:46 Scout Tower
18:47 Scout Tower
18:47 Scout Tower
18:48 Scout Tower
18:49 Scout Tower
18:49 Scout Tower
19:03 Guard Tower
19:04 Guard Tower
19:06 Scout Tower
19:07 Scout Tower
19:08 Scout Tower
19:21 Guard Tower
19:21 Guard Tower
19:56 Guard Tower
19:56 Guard Tower
19:56 Scout Tower
19:57 Scout Tower
19:57 Scout Tower
19:57 Scout Tower
19:57 Scout Tower
20:09 Scout Tower
20:10 Scout Tower
20:22 Scout Tower
20:23 Scout Tower
20:23 Scout Tower
20:39 Guard Tower
20:40 Scout Tower
20:46 Guard Tower
20:50 Guard Tower
21:11 Guard Tower
21:27 Scout Tower
21:27 Scout Tower
21:28 Scout Tower
21:28 Scout Tower
22:11 Arcane Vault
22:13 Guard Tower
22:17 Scout Tower
22:17 Scout Tower
22:18 Scout Tower
22:20 Scout Tower
22:21 Scout Tower
22:22 Scout Tower
22:49 Guard Tower
22:49 Guard Tower
23:11 Guard Tower
23:12 Guard Tower
23:12 Guard Tower
24:23 Guard Tower
26:20 Scout Tower
26:21 Scout Tower
26:21 Scout Tower
26:22 Scout Tower
26:23 Scout Tower
26:23 Scout Tower
26:24 Scout Tower
26:25 Scout Tower
26:26 Scout Tower
26:27 Scout Tower
26:29 Scout Tower
26:29 Scout Tower
26:29 Scout Tower
26:30 Scout Tower
26:30 Scout Tower
26:54 Guard Tower
26:54 Guard Tower
26:54 Guard Tower
27:03 Guard Tower
27:03 Guard Tower
27:32 Scout Tower
27:33 Scout Tower
27:34 Scout Tower
27:34 Scout Tower
27:35 Scout Tower
27:35 Scout Tower
27:36 Scout Tower
27:37 Scout Tower
27:38 Scout Tower
27:57 Scout Tower
27:58 Scout Tower
28:12 Guard Tower
28:15 Scout Tower
28:16 Scout Tower
28:30 Guard Tower
28:30 Guard Tower
28:31 Guard Tower
28:31 Guard Tower
28:31 Guard Tower
28:36 Guard Tower
28:36 Guard Tower
28:37 Guard Tower
28:37 Guard Tower
28:37 Guard Tower
28:39 Scout Tower
28:40 Scout Tower
28:46 Scout Tower
28:47 Scout Tower
28:49 Scout Tower
28:50 Scout Tower
28:50 Scout Tower
28:58 Guard Tower
28:58 Guard Tower
29:05 Guard Tower
29:05 Guard Tower
29:13 Scout Tower
29:14 Scout Tower
29:15 Scout Tower
29:16 Scout Tower
29:19 Scout Tower
29:19 Scout Tower
29:20 Guard Tower
29:20 Guard Tower
29:21 Guard Tower
29:21 Guard Tower
29:23 Scout Tower
29:24 Scout Tower
30:02 Guard Tower
30:02 Guard Tower
30:03 Scout Tower
30:04 Scout Tower
30:05 Scout Tower
30:05 Scout Tower
30:07 Scout Tower
30:07 Scout Tower
30:08 Scout Tower
30:18 Guard Tower
30:18 Guard Tower
30:20 Scout Tower
30:21 Scout Tower
30:21 Scout Tower
30:22 Scout Tower
30:22 Scout Tower
30:23 Scout Tower
30:25 Guard Tower
30:25 Guard Tower
30:26 Guard Tower
30:27 Guard Tower
30:27 Guard Tower
30:33 Guard Tower
30:33 Guard Tower
30:34 Guard Tower
30:34 Guard Tower
30:38 Scout Tower
30:38 Scout Tower
30:39 Scout Tower
30:39 Scout Tower
30:40 Scout Tower
30:40 Scout Tower
30:48 Guard Tower
30:48 Guard Tower
30:54 Guard Tower
30:54 Guard Tower
30:56 Scout Tower
30:57 Scout Tower
30:57 Scout Tower
30:58 Scout Tower
30:58 Scout Tower
30:59 Scout Tower
31:01 Guard Tower
31:01 Guard Tower
31:01 Guard Tower
31:08 Scout Tower
31:08 Scout Tower
31:09 Scout Tower
31:13 Guard Tower
31:30 Guard Tower
31:30 Guard Tower
31:35 Town Hall
31:42 Guard Tower
31:43 Guard Tower
» items
| Potion of Healing | 4 | |
| Scroll of Regeneration | 2 | |
| Staff of Teleportation | 1 | |
| Healing Salve | 2 | |
| Potion of Lesser Invulnerability | 1 | |
| Scroll of Town Portal | 2 | |
12 total
Q-veta (
red | 77 APM | 2455 actions | 31:43)
8 Warden
3 Shadow Strike
3 Blink
1 Spirit of Vengeance
1 Fan of Knives
» actions
| Assign group hotkey | 68 | |
| Basic commands | 107 | |
| Build / train | 89 | |
| ESC pressed | 1 | |
| Enter build submenu | 23 | |
| Enter hero's abilities submenu | 8 | |
| Give item / drop item | 1 | |
| Right click | 1154 | |
| Select / deselect | 524 | |
| Select group hotkey | 324 | |
| Use ability | 152 | |
2455 total
» units
| Wisp | 28 | |
| Hippogryph | 7 | |
| Chimaera | 7 | |
42 total
» upgrades
| Strength of the Wild | 3 | |
| Reinforced Hides | 3 | |
| Well Spring | 1 | |
| Ultravision | 1 | |
| Corrosive Breath | 2 | |
10 total
» buildings
| Altar of Elders | 1 | |
| Moon Well | 8 | |
| Ancient of Wonders | 1 | |
| Ancient of War | 1 | |
| Tree of Life | 3 | |
| Tree of Ages | 1 | |
| Hunter's Hall | 1 | |
| Ancient of Wind | 3 | |
| Tree of Eternity | 2 | |
| Chimaera Roost | 3 | |
24 total
» build order
00:20 Altar of Elders
00:33 Moon Well
02:07 Moon Well
03:59 Ancient of Wonders
07:09 Moon Well
08:08 Ancient of War
11:45 Tree of Life
12:16 Tree of Ages
13:00 Tree of Life
13:05 Tree of Life
14:00 Moon Well
14:04 Hunter's Hall
15:43 Ancient of Wind
15:44 Ancient of Wind
15:45 Ancient of Wind
16:18 Tree of Eternity
16:18 Tree of Eternity
16:40 Moon Well
16:42 Moon Well
18:52 Chimaera Roost
18:55 Chimaera Roost
18:56 Chimaera Roost
20:25 Moon Well
20:27 Moon Well
» items
| Potion of Healing | 4 | |
| Lesser Clarity Potion | 6 | |
| Staff of Teleportation | 1 | |
| Healing Salve | 2 | |
| Scroll of Speed | 1 | |
| Potion of Invisibility | 1 | |
| Scroll of Town Portal | 4 | |
| Orb of Venom | 1 | |
| Orb of Lightning | 2 | |
22 total
TIMG4STRok (
green | 79 APM | 2498 actions | 31:43)
5 Archmage
3 Blizzard
2 Brilliance Aura
» actions
| Assign group hotkey | 13 | |
| Basic commands | 20 | |
| Build / train | 144 | |
| ESC pressed | 4 | |
| Enter build submenu | 111 | |
| Enter hero's abilities submenu | 5 | |
| Give item / drop item | 2 | |
| Right click | 1034 | |
| Select / deselect | 384 | |
| Select group hotkey | 485 | |
| Use ability | 295 | |
2498 total
» units
| Peasant | 28 | |
| Dragonhawk Rider | 6 | |
34 total
» upgrades
| Masonry | 3 | |
| Lumber Harvesting | 2 | |
| Magic Sentry | 1 | |
| Animal War Training | 1 | |
| Armor | 3 | |
| Swords | 2 | |
| Cloud | 1 | |
13 total
» buildings
| Altar of Kings | 1 | |
| Farm | 7 | |
| Lumber Mill | 1 | |
| Scout Tower | 188 | |
| Arcane Tower | 2 | |
| Guard Tower | 74 | |
| Town Hall | 3 | |
| Keep | 1 | |
| Arcane Sanctum | 1 | |
| Castle | 1 | |
| Blacksmith | 1 | |
| Barracks | 1 | |
| Gryphon Aviary | 1 | |
| Arcane Vault | 1 | |
283 total
» build order
00:08 Altar of Kings
00:11 Farm
00:41 Lumber Mill
00:47 Scout Tower
01:11 Scout Tower
01:21 Arcane Tower
01:29 Scout Tower
01:43 Arcane Tower
01:58 Scout Tower
02:00 Guard Tower
02:03 Scout Tower
02:09 Farm
02:29 Scout Tower
02:38 Guard Tower
02:40 Scout Tower
02:42 Guard Tower
02:43 Scout Tower
02:58 Guard Tower
03:04 Scout Tower
03:08 Guard Tower
03:09 Scout Tower
03:28 Guard Tower
03:30 Scout Tower
03:40 Scout Tower
04:01 Scout Tower
04:03 Guard Tower
04:09 Scout Tower
04:10 Guard Tower
04:12 Scout Tower
04:12 Scout Tower
04:24 Scout Tower
04:26 Scout Tower
04:26 Scout Tower
04:41 Guard Tower
04:42 Scout Tower
04:46 Scout Tower
04:47 Scout Tower
04:47 Guard Tower
04:49 Guard Tower
04:58 Guard Tower
05:02 Scout Tower
05:02 Scout Tower
05:06 Guard Tower
05:16 Guard Tower
05:18 Scout Tower
05:19 Scout Tower
05:20 Scout Tower
05:22 Guard Tower
05:40 Scout Tower
05:43 Guard Tower
05:45 Scout Tower
05:46 Scout Tower
05:52 Guard Tower
05:54 Scout Tower
05:56 Scout Tower
06:04 Guard Tower
06:05 Scout Tower
06:06 Scout Tower
06:08 Scout Tower
06:09 Scout Tower
06:18 Guard Tower
06:21 Scout Tower
06:22 Scout Tower
07:00 Town Hall
07:09 Town Hall
07:16 Guard Tower
07:48 Scout Tower
07:52 Scout Tower
07:53 Scout Tower
07:55 Guard Tower
07:58 Scout Tower
07:59 Scout Tower
08:00 Scout Tower
08:00 Scout Tower
08:01 Scout Tower
08:10 Scout Tower
08:11 Scout Tower
08:12 Scout Tower
08:12 Scout Tower
08:13 Guard Tower
08:15 Scout Tower
08:16 Scout Tower
08:23 Scout Tower
08:25 Scout Tower
09:00 Keep
09:20 Guard Tower
09:25 Guard Tower
09:33 Scout Tower
09:34 Scout Tower
09:34 Scout Tower
09:35 Scout Tower
09:52 Guard Tower
09:55 Scout Tower
09:56 Scout Tower
09:57 Scout Tower
09:58 Scout Tower
09:59 Scout Tower
10:02 Guard Tower
10:10 Guard Tower
10:19 Guard Tower
10:21 Scout Tower
10:24 Scout Tower
10:24 Scout Tower
10:25 Scout Tower
10:26 Scout Tower
10:27 Scout Tower
10:31 Guard Tower
10:34 Guard Tower
11:19 Guard Tower
11:20 Scout Tower
11:21 Scout Tower
11:22 Scout Tower
11:22 Scout Tower
11:23 Scout Tower
11:26 Guard Tower
11:29 Arcane Sanctum
11:36 Scout Tower
11:36 Scout Tower
11:37 Scout Tower
11:38 Scout Tower
11:39 Scout Tower
11:40 Scout Tower
11:41 Scout Tower
11:41 Scout Tower
11:43 Scout Tower
11:44 Scout Tower
11:45 Scout Tower
11:47 Scout Tower
11:51 Scout Tower
11:51 Scout Tower
11:51 Scout Tower
11:53 Scout Tower
11:56 Guard Tower
12:11 Guard Tower
12:14 Scout Tower
12:15 Scout Tower
12:15 Scout Tower
12:16 Scout Tower
12:18 Scout Tower
12:55 Guard Tower
12:57 Guard Tower
13:15 Guard Tower
13:19 Scout Tower
13:20 Scout Tower
13:21 Scout Tower
13:21 Scout Tower
13:22 Scout Tower
13:23 Scout Tower
13:24 Scout Tower
13:34 Guard Tower
13:35 Scout Tower
13:36 Scout Tower
13:37 Scout Tower
13:37 Scout Tower
13:39 Scout Tower
13:40 Scout Tower
13:40 Scout Tower
13:41 Scout Tower
14:27 Guard Tower
14:33 Guard Tower
14:37 Guard Tower
14:43 Castle
15:29 Guard Tower
15:40 Guard Tower
15:49 Guard Tower
16:05 Blacksmith
16:08 Barracks
16:10 Gryphon Aviary
17:36 Guard Tower
17:39 Scout Tower
17:39 Scout Tower
17:40 Scout Tower
17:41 Scout Tower
17:41 Scout Tower
17:41 Scout Tower
18:08 Arcane Vault
18:19 Guard Tower
18:21 Scout Tower
18:22 Scout Tower
18:22 Scout Tower
18:23 Scout Tower
19:41 Town Hall
19:43 Scout Tower
19:44 Scout Tower
19:45 Scout Tower
19:45 Scout Tower
19:46 Scout Tower
19:46 Scout Tower
19:48 Scout Tower
19:49 Scout Tower
19:50 Scout Tower
19:52 Scout Tower
19:54 Scout Tower
19:54 Scout Tower
20:01 Scout Tower
20:02 Scout Tower
20:02 Scout Tower
20:03 Scout Tower
20:04 Scout Tower
20:04 Scout Tower
20:04 Scout Tower
20:17 Guard Tower
20:19 Guard Tower
20:22 Scout Tower
20:23 Scout Tower
20:23 Scout Tower
20:26 Scout Tower
20:30 Guard Tower
20:53 Guard Tower
20:55 Guard Tower
21:18 Guard Tower
21:23 Guard Tower
21:41 Guard Tower
22:12 Farm
22:12 Farm
22:18 Scout Tower
22:19 Scout Tower
22:21 Scout Tower
22:22 Scout Tower
22:23 Scout Tower
22:32 Guard Tower
22:33 Scout Tower
22:34 Scout Tower
22:35 Scout Tower
22:35 Scout Tower
22:36 Scout Tower
22:39 Guard Tower
23:04 Guard Tower
23:20 Guard Tower
23:30 Farm
23:31 Farm
23:32 Farm
23:34 Guard Tower
23:38 Guard Tower
24:46 Guard Tower
24:47 Scout Tower
24:48 Scout Tower
24:49 Scout Tower
24:50 Scout Tower
24:50 Scout Tower
24:51 Scout Tower
24:52 Scout Tower
24:52 Scout Tower
24:56 Guard Tower
24:58 Scout Tower
24:59 Scout Tower
25:00 Scout Tower
25:01 Scout Tower
25:08 Scout Tower
25:09 Scout Tower
25:10 Scout Tower
25:11 Scout Tower
25:13 Scout Tower
25:15 Scout Tower
25:16 Scout Tower
25:21 Guard Tower
25:43 Scout Tower
25:44 Scout Tower
25:46 Guard Tower
26:02 Guard Tower
26:08 Guard Tower
26:24 Guard Tower
26:35 Guard Tower
26:37 Guard Tower
26:56 Guard Tower
26:58 Scout Tower
26:59 Scout Tower
26:59 Scout Tower
27:00 Scout Tower
27:01 Scout Tower
27:01 Scout Tower
27:26 Scout Tower
27:27 Scout Tower
27:27 Scout Tower
27:28 Scout Tower
27:28 Scout Tower
27:31 Guard Tower
27:57 Guard Tower
28:44 Guard Tower
29:10 Guard Tower
» items
| Staff of Teleportation | 1 | |
| Boots of Speed | 1 | |
| Periapt of Vitality | 1 | |
| Scroll of Regeneration | 3 | |
| Potion of Healing | 3 | |
| Scroll of Town Portal | 3 | |
| Orb of Lightning | 1 | |
13 total
Chat log
(00:01 / Allies) TIMG4STRok: http://highper.ch/p/nancy.jpg
(00:08 / Allies) Often-a-bird: will check it out
(00:11 / Allies) Q-veta: can you tower on this map?
(00:12 / Allies) Often-a-bird: im glad bear is finally using
(00:14 / Allies) Q-veta: efficiently i mean
(00:16 / Allies) Often-a-bird: his trolling powers
(00:17 / Allies) TIMG4STRok: yeah not really
(00:17 / Allies) Often-a-bird: for good
(00:21 / Allies) BATS-: chokes?
(00:29 / Allies) Often-a-bird: that's kinda hard on this map
(00:31 / Allies) Often-a-bird: on these positions on this map
(00:35 / Allies) Often-a-bird: yeah why not
(00:41 / Allies) Often-a-bird: i got those i guess
(00:42 / Allies) BATS-: erm
(00:48 / Allies) BATS-: those?
(00:49 / Allies) BATS-: =!=!=!=
(01:12 / Allies) Q-veta: they're 50% at RT, we can win this guys!
(01:18 / Allies) Often-a-bird: like towering bases
(01:20 / Allies) Often-a-bird: actually leads to towering less spots
(01:30 / Allies) BATS-: but also less mines
(01:31 / Allies) BATS-: and towers
(01:32 / Allies) TIMG4STRok: this river is gay
(01:37 / Allies) Often-a-bird: ne gimme LUM
(01:39 / Allies) TIMG4STRok: who has this
(01:42 / Allies) Often-a-bird: me
(01:46 / Allies) BATS-: just leave it open
(01:47 / Allies) Often-a-bird: if ne feeds
(01:52 / Allies) TIMG4STRok: he feeding me
(01:53 / Allies) BATS-: see what happens.
(01:56 / Allies) BATS-: living at the edge
(01:57 / Allies) Often-a-bird: why you aint towerin shit
(02:08 / Allies) Often-a-bird: you take it then
(02:10 / Allies) Often-a-bird: i already got 2 spots
(02:39 / Allies) Q-veta: you probably should have thumbed down this map
(02:45 / Allies) Often-a-bird: its ok
(02:52 / Allies) TIMG4STRok: scouted
(02:54 / Allies) Often-a-bird: m2
(03:24 / Allies) TIMG4STRok: gotta creep this
(03:25 / Allies) TIMG4STRok: asap
(03:29 / Allies) Often-a-bird: hold me closer tiny dancer
(04:09 / Allies) Often-a-bird: Gotta Take This
(04:20 / Allies) TIMG4STRok: before creeps own my towers pelase
(04:25 / Allies) Often-a-bird: they wont if you dont upg
(05:10 / Allies) TIMG4STRok: lmao
(05:11 / Allies) Q-veta: heh
(05:13 / Allies) BATS-: can i mass raiders
(05:19 / Allies) BATS-: or bats
(05:20 / Allies) BATS-: Hm
(05:21 / Allies) Often-a-bird: do w/e
(05:32 / Allies) TIMG4STRok: they can just run right thru
(05:33 / Allies) Often-a-bird: i get expo
(05:36 / Allies) Often-a-bird: means we fine
(05:43 / Allies) Q-veta: i don't think they're smart enough to run through
(06:00 / Allies) Q-veta: tower up
(06:23 / Allies) Often-a-bird: dont lead to mid ty in adv
(06:41 / Allies) Q-veta: do you expo or do i?
(07:03 / Allies) TIMG4STRok: noob
(07:24 / Allies) Often-a-bird: that one aint really covered but whatevs
(07:25 / Allies) Q-veta:
(07:30 / Allies) TIMG4STRok: tomeof agi
(07:32 / Allies) Q-veta: i'll get the tome
(07:33 / Allies) BATS-: ill creep those with my other hereos
(07:42 / Allies) BATS-: FUCK
(07:47 / Allies) Often-a-bird: lol!
(07:47 / Allies) Q-veta: i need an expo
(07:59 / Allies) BATS-: come guys
(08:00 / Allies) BATS-: lol
(08:01 / Allies) Often-a-bird: aow creep that
(08:15 / Allies) BATS-: we can do it
(08:17 / Allies) BATS-: kill mk
(08:43 / Allies) TIMG4STRok: peace!
(08:46 / Allies) Often-a-bird: i'd rather pink tp out
(08:54 / Allies) TIMG4STRok: can you tower that instead
(08:59 / Allies) Often-a-bird: Me ?
(09:00 / Allies) BATS-: tim
(09:01 / Allies) BATS-: fast
(09:02 / Allies) BATS-: SHARE
(09:07 / Allies) BATS-: TAV REVIVE
(09:11 / Allies) BATS-: you moron
(09:17 / Allies) TIMG4STRok: you buffoon
(09:21 / Allies) Often-a-bird: i need lum
(09:29 / Allies) BATS-: oh nvm was the other dude
(09:32 / Allies) BATS-: creep me an expo?
(09:38 / Allies) Often-a-bird: in a sec
(09:44 / Allies) TIMG4STRok: wood
(09:44 / Allies) BATS-: also gold lol
(10:39 / Allies) TIMG4STRok: brt
(10:45 / Allies) TIMG4STRok: top river looking pretty secure
(10:53 / Allies) BATS-: anyone creep with me?
(10:56 / All) Jun-kit: FARK YOU
(11:09 / Allies) BATS-: gold pls
(11:31 / Allies) Q-veta: i need an expo
(11:40 / Allies) Often-a-bird: i'll tower that in a sce
(12:00 / Allies) Q-veta: friends was a lot better heh
(12:11 / Allies) Often-a-bird: lum ???
(12:26 / Allies) TIMG4STRok: on it
(12:32 / Allies) Often-a-bird: i kill This
(12:38 / Allies) Often-a-bird: dammnn
(12:39 / Allies) Q-veta: someone take down that expo
(13:00 / Allies) TIMG4STRok: wood
(13:23 / Allies) BATS-: salve me
(13:31 / Allies) TIMG4STRok: ownage
(13:41 / Allies) Often-a-bird: also open now
(14:20 / Allies) BATS-: fucking niggers
(14:22 / Allies) BATS-: gold/wood?
(14:37 / Allies) Often-a-bird: need my wood for myself THX
(14:41 / Allies) TIMG4STRok: more wood
(14:42 / Allies) BATS-: also something there pls
(14:43 / Allies) BATS-: lol
(15:06 / Allies) BATS-: q
(15:07 / Allies) BATS-: pls
(15:08 / Allies) BATS-: tavern
(15:23 / Allies) BATS-: thx
(15:30 / Allies) Q-veta: tim
(15:30 / Allies) Q-veta: gold me
(15:36 / Allies) TIMG4STRok: wood me
(16:07 / Allies) Often-a-bird: need smoe help
(16:11 / All) Q-veta: disgusting jewry
(16:31 / Allies) Q-veta: tower up
(16:39 / All) Jun-kit: SO LAME
(16:40 / Allies) BATS-: oh what the hell
(16:46 / Allies) TIMG4STRok: share
(16:51 / All) Jun-kit: so you win... and get lvl 9?
(16:54 / All) Jun-kit: FAT HOPE
(17:02 / All) BATS-: nigger what
(17:05 / All) Q-veta: quiet nerd
(17:12 / All) Jun-kit: LAME
(17:17 / All) Jun-kit: I AM SAY WHAT I WANT
(17:29 / Allies) TIMG4STRok: oooooooo
(17:32 / All) Q-veta: that orange guy is really good
(17:51 / All) Jun-kit: hmmm. i lag.
(17:55 / Allies) Often-a-bird: timg why havent you ataken this.
(17:55 / Allies) TIMG4STRok: yteah
(17:56 / Allies) TIMG4STRok: checkin now
(17:57 / All) Jun-kit: BECAUSE OF YOUR STUPID TOWERS
(18:03 / Allies) TIMG4STRok: been doing things
(18:04 / Allies) BATS-: if you buy invi pot
(18:07 / All) Q-veta: dude you're 110-110 in random team
(18:07 / Allies) BATS-: you can harass this
(18:08 / Allies) BATS-: hard
(18:11 / All) Q-veta: it's not lag, you're just bad
(18:13 / All) Jun-kit: ahahhahaah
(18:18 / All) Jun-kit: stupid
(18:26 / All) Jun-kit: so?
(18:32 / All) Jun-kit: stats tls-moonbeam
(18:32 / All) Q-veta: nigger
(18:35 / Allies) TIMG4STRok: hippo riders
(18:37 / Allies) TIMG4STRok: lamo
(18:38 / Allies) Often-a-bird: go take it timg
(18:40 / Allies) Often-a-bird: we need that expo
(18:41 / All) Jun-kit: my real one YOU SHUT UP
(18:43 / Allies) Often-a-bird: or they win
(18:44 / Allies) TIMG4STRok: yeah im on it
(19:05 / Allies) BATS-: tim
(19:06 / Allies) BATS-: or mata
(19:07 / Allies) BATS-: listen
(19:08 / Allies) Q-veta: lol hippo riders
(19:11 / Allies) BATS-: buy an invi pot
(19:16 / Allies) BATS-: at the goblin shops
(19:18 / Allies) Often-a-bird: stopped listening
(19:21 / Allies) BATS-: run in there
(19:22 / Allies) BATS-: harass
(19:27 / Allies) Often-a-bird: im busy for that shit
(19:33 / Allies) Often-a-bird: dont you have a blade or something
(19:44 / Allies) Q-veta: gold me
(19:48 / Allies) Often-a-bird: im getting attacked at like ten places.
(19:52 / Allies) Q-veta: thanks
(20:27 / Allies) TIMG4STRok: need wood
(21:37 / All) Q-veta: you guys are bad and you shuold feel bad
(22:08 / Allies) Often-a-bird: mains are collapsing
(22:42 / Allies) Often-a-bird: They Are Takin
(22:52 / Allies) TIMG4STRok: wood
(23:33 / Allies) Q-veta: go bck
(23:42 / Allies) Often-a-bird: i was just gonna hold here
(23:45 / Allies) Often-a-bird: and drain as much of the mine
(23:46 / Allies) Often-a-bird: as i can
(23:52 / Allies) Often-a-bird: but if you wanna take yellow that's finr
(24:04 / Allies) BATS-: coming timg
(24:15 / Allies) Q-veta: need tp first
(24:56 / Allies) Q-veta: gold fast
(25:06 / Allies) Often-a-bird: fuck you nigger
(25:13 / Allies) Q-veta: god damnit i made a firelord by accident
(25:13 / Allies) Often-a-bird: high upkeep trolled
(25:16 / Allies) BATS-: LOL
(25:52 / Allies) Often-a-bird: i send a towerteam
(25:57 / Allies) BATS-: lol
(26:04 / Allies) Q-veta: they're so bad
(26:22 / Allies) BATS-: lumber?
(26:51 / Allies) BATS-: DJ
(26:51 / Allies) Often-a-bird: i dont need any help thanks tho
(26:52 / Allies) TIMG4STRok: yaaaaaaaaaaaaaaaaaaaaaaaaaaaaaaaaaaaaaaaaaaaaaaaaaaaaaaaaaghhhhhhh
(26:52 / Allies) BATS-: DH
(26:53 / Allies) TIMG4STRok: coming
(27:11 / Allies) BATS-: nice q
(27:17 / Allies) TIMG4STRok: not!!
(27:22 / Allies) Q-veta: i swear
(27:24 / Allies) Q-veta: this teal elf
(27:30 / Allies) Q-veta: is the dumbest nigger i'veever seen
(28:19 / Allies) Q-veta: i'm just gonna kill yellow's expo
(28:19 / Allies) Often-a-bird: if i tower it
(28:22 / Allies) Often-a-bird: will you protect me this time ?
(28:27 / Allies) Often-a-bird: i lost like 20 workers
(29:20 / Allies) BATS-: teal just leveled my bm
(29:24 / Allies) BATS-: from 4 to 6
(29:29 / Allies) BATS-: by defending his expo
(29:31 / Allies) BATS-: with chims
(29:33 / Allies) BATS-: against bats
(29:42 / Allies) TIMG4STRok: made one tp
(29:43 / Allies) TIMG4STRok: up top
(29:55 / Allies) Often-a-bird: 3x
(30:04 / Allies) TIMG4STRok: is teal only one missing
(30:31 / All) Often-a-bird: G_G
(30:33 / All) BATS-: nerds down
(30:42 / All) Often-a-bird: pEaCe
(31:01 / Allies) Q-veta: gold me
(31:23 / Allies) Q-veta: gold?:(
(31:29 / All) Jun-kit: lame.
(31:29 / All) Q-veta: Leave nerd
(31:38 / All) Jun-kit: we are not nerds.
(31:39 / All) Jun-kit: you are.
(31:42 / Allies) TIMG4STRok: lmao